 Dungeon Sprint DCSS version 0.22-a0-580-gd5db89c (webtiles) character file.

988 Kidiri the Eclecticist (level 7, 0/36 HPs)
             Began as a Deep Elf Fire Elementalist on July 3, 2018.
             Was a High Priest of Vehumet.
             Killed from afar by a yak (26 damage)
             ... with an exploding inner flame
             ... hexed by the player character
             ... in the Dungeon (Sprint VII: "The Pits").
             The game lasted 00:05:03 (1034 turns).

Kidiri the Eclecticist (Deep Elf Fire Elementalist) Turns: 1034, Time: 00:05:03

Health: 0/36       AC:  2    Str:  5    XL:     7   Next: 97%
Magic:  20/27      EV: 13    Int: 22    God:    Vehumet [*****.]
Gold:   0          SH:  0    Dex: 15    Spells: 15/36 levels left

rFire    . . .     SeeInvis .   m - +2 dagger (elec)
rCold    . . .     Gourm    .   (no shield)
rNeg     . . .     Faith    .   a - +0 robe
rPois    .         Spirit   .   (no helmet)
rElec    .         Reflect  .   (no cloak)
rCorr    .         Harm     .   (no gloves)
MR       .....     NoTele   +   (no boots)
Stlth    ++........             (no amulet)
HPRegen  0.12/turn              (no ring)
MPRegen  0.20/turn              (no ring)

@: no status effects
A: no striking features
a: Renounce Religion


You were in the Dungeon.
You worshipped Vehumet.
Vehumet was extremely pleased with you.
You were not hungry.

You visited 1 branch

Inventory:

Hand Weapons
 m - a +2 dagger of electrocution (weapon)
Armour
 a - a +0 robe (worn)
 o - a +4 scale mail
Scrolls
 j - 3 scrolls of remove curse
 k - 5 scrolls of amnesia
 l - a scroll of summoning
Potions
 b - 2 potions of invisibility
 d - 6 potions of curing
 e - 5 potions of heal wounds
 f - a potion of haste
 g - 4 potions of magic
 h - 3 potions of berserk rage
Comestibles
 c - 9 rations


   Skills:
 + Level 0.0 Fighting
 + Level 0.0 Short Blades
 + Level 0.0 Armour
 + Level 2.4 Dodging
 - Level 2.4 Stealth
 * Level 15.3 Spellcasting
 + Level 9.6 Conjurations
 + Level 10.1 Fire Magic
 + Level 0.0 Earth Magic


You had 15 spell levels left.
You knew the following spells:

 Your Spells              Type           Power        Failure   Level  Hunger
a - Flame Tongue          Conj/Fire      #####        1%          1    None
b - Throw Flame           Conj/Fire      ######       1%          2    None
c - Conjure Flame         Conj/Fire      ######..     1%          3    None
d - Inner Flame           Hex/Fire       #####...     1%          3    None
e - Sticky Flame          Conj/Fire      ######..     1%          4    None
f - Fireball              Conj/Fire      ######....   1%          5    ###....
g - Stone Arrow           Conj/Erth      #####.       1%          3    None

Your spell library contained the following spells:

 Spells                   Type           Power        Failure   Level  Hunger


Dungeon Overview and Level Annotations

Branches:
Dungeon (1/1)

Altars:
Ashenzari
Cheibriados
Dithmenos
Elyvilon
Fedhas
Gozag
Hepliaklqana
Kikubaaqudgha
Makhleb
Nemelex Xobeh
Okawaru
Qazlal
Ru
Sif Muna
Trog
Uskayaw
Vehumet
Wu Jian
Xom
Yredelemnul
Zin
The Shining One
Beogh
Jiyva
Lugonu

Annotations:
D exclusion: 6 doors


Message History

Which direction?
Unknown command.
Unknown command.
Which direction?
You close the door.
Unknown command.
You hit the yak but do no damage. Lightning courses through the yak!
The yak is heavily wounded.
The yak is engulfed in blazing flames.
The yak gores you!
Unknown command.
Casting: Inner Flame (safe; 1% risk of failure)
Confirm with . or Enter, or press ? or * to list all spells.
Aiming: Flame Tongue (safe; 1% risk of failure)
Press: ? - help, Shift-Dir - straight line, f/p - yak
Aim: a yak (flame, almost dead, inner flame)
The flame tongue hits the yak.
The yak explodes!
The fiery explosion engulfs you!
Ouch! That really hurt!
You die...

#.#####+#####...<...#
#.#...)))[.##.......#
#.#...)))[.##.......#
#'###########.......#
#)......#.. #########
#..###..#.# ###
#.......#.# e..#
##.###.##+#g...#
#.......#@§Y...+
#..###..#+#Y...#
#.......'.# ...#
########### ###


You could see a deep elf mage, 2 yaks and a gnoll.

Vanquished Creatures
  A freezing wraith (D)
  Menkaure (D)
  2 floating eyes (D)
  An ogre (D)
  A phantom (D)
  A wolf (D)
  A scorpion (D)
  A jelly (D)
  A worker ant (D)
  3 adders (D)
  An ooze (D)
  A worm (D)
  2 leopard geckos (D)
  An orc (D)
  A giant cockroach (D)
  2 ball pythons (D)
  A bat (D)
22 creatures vanquished.

Notes
Turn   | Place    | Note
-------+----------+-------------------------------------------
     0 | D        | Kidiri the Deep Elf Fire Elementalist began the quest for the Orb.
     0 | D        | Reached XP level 1. HP: 10/10 MP: 6/6
    24 | D        | Noticed a floating eye
    29 | D        | Killed a floating eye
    29 | D        | Reached skill level 8 in Spellcasting
    29 | D        | Reached skill level 5 in Fire Magic
    29 | D        | Reached XP level 2. HP: 15/15 MP: 1/13
    29 | D        | Reached XP level 3. HP: 19/19 MP: 1/15
    29 | D        | Reached XP level 4. HP: 24/24 MP: 1/16
    33 | D        | Learned a level 2 spell: Throw Flame
    37 | D        | Learned a level 3 spell: Conjure Flame
    41 | D        | Learned a level 3 spell: Inner Flame
    46 | D        | Learned a level 4 spell: Sticky Flame
    78 | D        | Found a bloodstained altar of Trog.
    78 | D        | Found a deep blue altar of Sif Muna.
    78 | D        | Found a viscous altar of Jiyva.
    78 | D        | Found a hazy altar of Hepliaklqana.
    78 | D        | Found an opulent altar of Gozag.
    79 | D        | Found a glowing golden altar of the Shining One.
    79 | D        | Found a glowing silver altar of Zin.
    79 | D        | Found a basalt altar of Yredelemnul.
    79 | D        | Found a shimmering altar of Xom.
    79 | D        | Found an ornate altar of the Wu Jian Council.
    79 | D        | Found a sacrificial altar of Ru.
    79 | D        | Found a stormy altar of Qazlal.
    79 | D        | Found an iron altar of Okawaru.
    79 | D        | Found a sparkling altar of Nemelex Xobeh.
    79 | D        | Found a burning altar of Makhleb.
    79 | D        | Found a blossoming altar of Fedhas.
    79 | D        | Found a white marble altar of Elyvilon.
    79 | D        | Found a shadowy altar of Dithmenos.
    79 | D        | Found a snail-covered altar of Cheibriados.
    81 | D        | Found a radiant altar of Vehumet.
    81 | D        | Found a corrupted altar of Lugonu.
    81 | D        | Found a roughly hewn altar of Beogh.
    82 | D        | Found a hide-covered altar of Uskayaw.
    82 | D        | Found an ancient bone altar of Kikubaaqudgha.
    82 | D        | Found a shattered altar of Ashenzari.
    89 | D        | Became a worshipper of Vehumet
   140 | D        | Reached * piety under Vehumet
   140 | D        | Offered knowledge of Shock by Vehumet.
   160 | D        | Noticed a floating eye
   165 | D        | Paralysed by a floating eye for 2 turns
   167 | D        | Killed a floating eye
   167 | D        | Reached skill level 10 in Spellcasting
   167 | D        | Reached XP level 5. HP: 27/28 MP: 13/20
   174 | D        | Learned a level 5 spell: Fireball
   208 | D        | Reached ** piety under Vehumet
   208 | D        | Reached skill level 11 in Spellcasting
   448 | D        | Noticed an ogre
   457 | D        | Offered knowledge of Magic Dart by Vehumet.
   457 | D        | Killed an ogre
   457 | D        | Reached *** piety under Vehumet
   457 | D        | Reached skill level 12 in Spellcasting
   457 | D        | Reached XP level 6. HP: 32/32 MP: 13/23
   485 | D        | Noticed Menkaure
   488 | D        | Killed Menkaure
   488 | D        | Reached **** piety under Vehumet
   488 | D        | Reached skill level 13 in Spellcasting
   639 | D        | Reached XP level 7. HP: 36/36 MP: 21/26
   643 | D        | Noticed a freezing wraith
   649 | D        | Killed a freezing wraith
   649 | D        | Reached skill level 14 in Spellcasting
   893 | D        | Offered knowledge of Stone Arrow by Vehumet.
   893 | D        | Reached skill level 15 in Spellcasting
   897 | D        | Reached skill level 10 in Fire Magic
   899 | D        | Reached ***** piety under Vehumet
  1029 | D        | Learned a level 3 spell: Stone Arrow
  1029 | D        | Noticed a yak
  1029 | D        | Noticed a yak
  1029 | D        | Noticed a yak
  1029 | D        | Noticed a deep elf mage
  1034 | D        | Killed a yak
  1034 | D        | Killed from afar by a yak

Vault maps used:
D:        pitsprint

Skill      XL: |  1  2  3  4  5  6  7 |
---------------+----------------------+-----
Spellcasting   | 8 10 12 13 15 | 15.3
Conjurations   | 4 6 7 8 9 |  9.6
Fire Magic     | 5 7 9 10 | 10.1
Dodging        | |  2.4
Stealth        | |  2.4

Action                   |  1- 3 |  4- 6 |  7- 9 || total
-------------------------+-------+-------+-------++-------
Melee: Dagger            |       |     2 |     1 ||     3
 Cast: Flame Tongue      |     4 |    29 |    15 ||    48
       Conjure Flame     |       |     3 |     1 ||     4
       Inner Flame       |       |     2 |     1 ||     3
       Sticky Flame      |       |     1 |     1 ||     2
       Fireball          |       |       |     3 ||     3
  Use: Scroll            |       |       |     1 ||     1
       Potion            |       |       |     1 ||     1
Armor: Robe              |       |     3 |       ||     3
Dodge: Dodged            |       |     8 |     4 ||    12

Table legend:
 A = Spawn XP
 B = Non-spawn XP
 C = Spawn XP percentage of total XP
 D = Spawn monster count
 E = Non-spawn monster count
 F = Spawn count percentage of total count
 G = Total turns spent on level
                    A         B        C        D         E        F      G
               +---------+---------+-------+---------+---------+-------+---------
         Total |       0 |    1412 |   0.0 |       0 |      22 |   0.0 |  1034
               +---------+---------+-------+---------+---------+-------+---------
             D |       0 |    1412 |   0.0 |       0 |      22 |   0.0 |  1034
               +---------+---------+-------+---------+---------+-------+---------
